Map: Orbital Shipyard

Players

LindyHop

  • Race: Zerg Zerg
  • League: Platinum

PsYche - Winner!

  • Race: Terran Terran
  • League: Platinum

VOD

Have the link to the VOD?

Description

Time

  • Played on: Jan. 16, 2016, 10 p.m.
  • Length: 12:14
Show
View Real Time Build Order
Export as new Build Order

LindyHop Zerg 

Build Orders: Hatch First, Muta Ling Bane 

Get SALT Encoding   

  12  0:01  Drone  
  13  0:12  Overlord  
  13  0:17  Drone  
  14  0:30  Drone x2  
  14  0:34  Drone  
  17  0:53  Hatchery  
  16  0:57  Drone  
  17  1:10  Spawning Pool  
  16  1:12  Drone  
  16  1:15  Drone  
  18  1:33  Overlord  
  18  1:34  Extractor  
  18  1:35  Drone  
  18  1:38  Drone  
  19  1:52  Hatchery  
  19  2:02  Queen  
  19  2:04  Drone x2  
  23  2:09  Extractor  
  23  2:11  Drone  
  23  2:22  Zergling x2  
  24  2:33  Drone  
  24  2:44  Zergling x2  
  25  2:58  Metabolic Boost  
  25  3:01  Extractor  
  25  3:02  Drone  
  25  3:03  Extractor  
  24  3:06  Lair  
  24  3:08  Hatchery  
  24  3:12  Zergling x4  
  25  3:16  Zergling x2  
  25  3:17  Zergling x4  
  27  3:24  Zergling x4  
  29  3:33  Zergling x4  
  31  3:40  Drone  
  32  3:49  Drone  
  32  3:51  Drone x2  
  35  4:02  Overlord x2  
  35  4:23  Drone x5  
  40  4:30  Drone x3  
  43  4:36  Drone  
  44  4:45  Drone x2  
  46  4:57  Drone x2, Spine Crawler  
  47  5:09  Queen  
  47  5:14  Spire  
  47  5:20  Zergling x2  
  47  5:21  Zergling x8  
  49  5:26  Zergling x4  
  50  5:30  Queen  
  52  5:56  Overlord x2  
  45  6:14  Drone x3  
  45  6:15  Drone x2  
  45  6:16  Drone  
  49  6:28  Mutalisk x2  
  49  6:30  Mutalisk  
  55  6:35  Mutalisk  
  57  6:40  Mutalisk  
  57  6:41  Mutalisk x3  
  57  6:44  Mutalisk  
  57  6:45  Mutalisk x2  
  71  6:48  Mutalisk  
  73  6:55  Zerg Flyer Weapons Level 1, Baneling Nest  
  70  7:02  Mutalisk  
  70  7:08  Mutalisk  
  71  7:11  Overlord x2  
  73  7:35  Mutalisk x2  
  73  7:36  Mutalisk  
  79  7:37  Drone x5  
  84  7:51  Drone x2  
  84  7:56  Roach Warren, Queen  
  87  8:00  Spine Crawler  
  87  8:02  Spine Crawler  
  87  8:04  Drone x2  
  87  8:17  Drone x3  
  87  8:18  Overlord  
  87  8:19  Overlord x2  
  90  8:34  Hatchery  
  89  8:43  Zergling x2  
  89  8:44  Zergling x14  
  95  8:56  Zerg Flyer Armor Level 1  
  95  9:05  Baneling  
  95  9:06  Centrifical Hooks, Baneling x2  
  95  9:13  Evolution Chamber  
  95  9:14  Evolution Chamber  
  95  9:16  Overseer  
  93  9:17  Overseer x2  
  93  9:18  Roach  
  93  9:19  Roach x4  
  93  9:20  Roach x5  
  113  9:36  Zergling x2  
  113  9:40  Overlord x3  
  108  9:58  Roach x8  
  110  10:02  Zergling x2  
  111  10:10  Zergling x2  
  111  10:11  Zergling x8  
  111  10:13  Zergling x2  
  117  10:17  Spore Crawler  
  117  10:18  Roach x2  
  117  10:19  Roach  
  121  10:22  Zergling x6  
  123  10:33  Baneling  
  123  10:34  Baneling x3  
  123  10:35  Zergling x2  
  124  10:36  Zergling x12  
  123  10:50  Zergling x8  
  107  11:02  Zergling x10  
  80  11:07  Zergling x6  
  75  11:12  Mutalisk x4  
  75  11:17  Zergling x4  
  83  11:23  Mutalisk  
  83  11:24  Mutalisk x2  
  89  11:27  Mutalisk  
  91  11:33  Mutalisk  
  92  11:41  Mutalisk  
  92  11:45  Mutalisk  
  92  11:46  Zergling x2  
  71  11:59  Drone  
Show
View Real Time Build Order
Export as new Build Order

PsYche Terran - Winner!

Build Orders: Reaper Expand, Bio Mine 

Get SALT Encoding   

  12  0:01  SCV  
  13  0:13  SCV  
  14  0:18  Supply Depot  
  14  0:25  SCV  
  15  0:40  SCV  
  15  0:41  Barracks  
  16  0:48  Refinery  
  16  0:52  SCV  
  17  1:04  SCV  
  18  1:17  SCV  
  19  1:31  Orbital Command  
  19  1:35  Reaper  
  20  1:44  Command Center  
  20  1:55  Supply Depot  
  20  1:56  SCV  
  21  2:07  Reaper  
  22  2:11  SCV  
  23  2:22  Refinery  
  23  2:23  SCV  
  23  2:29  Factory  
  24  2:35  SCV  
  25  2:51  Barracks Reactor  
  24  2:52  SCV  
  25  3:04  Command Center  
  25  3:24  SCV  
  26  3:29  Orbital Command  
  26  3:37  SCV  
  26  3:41  Barracks Tech Lab  
  27  3:49  SCV  
  27  3:54  Hellion x2  
  32  3:57  Starport  
  32  4:01  SCV x2  
  34  4:04  Engineering Bay x2  
  34  4:13  SCV x2  
  36  4:18  Supply Depot, Hellion x2  
  36  4:20  Stimpack  
  36  4:21  Orbital Command  
  39  4:25  SCV x2  
  41  4:33  Terran Infantry Weapons Level 1  
  41  4:35  Terran Infantry Armor Level 1  
  41  4:41  Hellion, Orbital Command  
  43  4:48  SCV x2  
  45  5:01  Hellion  
  45  5:03  Hellion  
  49  5:09  SCV x2  
  49  5:28  SCV x2  
  50  5:30  SCV  
  50  5:32  Starport Reactor  
  50  5:35  Barracks  
  52  5:37  Barracks  
  52  5:38  Barracks  
  52  5:39  Barracks  
  52  5:40  SCV x2  
  52  5:42  SCV  
  55  5:44  Widow Mine x2  
  59  5:52  SCV  
  56  6:05  SCV x2  
  56  6:06  SCV  
  59  6:12  Widow Mine x2  
  63  6:23  SCV x2  
  65  6:28  Combat Shields  
  65  6:30  Barracks Reactor x4  
  65  6:35  Factory, Medivac  
  65  6:36  Medivac  
  69  6:47  Supply Depot x2  
  69  6:49  Refinery x2  
  69  6:50  Refinery x2  
  69  6:51  Supply Depot  
  69  6:53  Supply Depot  
  69  7:08  Marine x4, Widow Mine x2  
  69  7:10  Missile Turret  
  69  7:12  Missile Turret  
  69  7:13  Missile Turret  
  69  7:15  SCV x2  
  79  7:20  Marine  
  79  7:21  Marine x4  
  80  7:26  Marine x4  
  84  7:37  Factory Tech Lab  
  84  7:43  SCV x3  
  84  7:44  Armory  
  87  7:53  Marine x4  
  87  7:54  Marine x5  
  87  7:55  SCV x3  
  99  7:59  Widow Mine  
  101  8:21  Supply Depot  
  101  8:22  Supply Depot  
  101  8:23  Supply Depot  
  101  8:28  Missile Turret  
  101  8:30  Terran Infantry Weapons Level 2, Missile Turret, Terran Infantry Armor Level 2  
  101  8:31  Missile Turret  
  101  8:39  Marine  
  101  8:40  SCV  
  101  8:41  Medivac  
  101  8:42  SCV, Marine, Medivac, Widow Mine x2  
  101  8:43  Marine  
  108  9:00  Widow Mine  
  108  9:02  Marine x8  
  118  9:10  Widow Mine  
  118  9:12  Missile Turret  
  118  9:14  Missile Turret  
  118  9:15  Marine, Medivac x2  
  125  9:26  Supply Depot, Widow Mine  
  125  9:27  Marine x3  
  125  9:28  Supply Depot  
  125  9:29  Widow Mine  
  125  9:30  Supply Depot  
  130  9:45  Marine  
  130  9:46  Widow Mine, Marine x8  
  132  9:55  Widow Mine  
  118  10:01  Widow Mine  
  118  10:03  Marine  
  118  10:04  Marine x6  
  118  10:05  Medivac x2  
  118  10:06  SCV  
  132  10:11  Command Center  
  132  10:15  Widow Mine  
  132  10:17  Drilling Claws  
  129  10:26  Marine  
  129  10:27  Marine x4  
  134  10:43  Marine x4  
  134  10:44  Marine  
  126  10:58  Marine  
  107  11:11  Marine  
  107  11:12  Marine x7  
  110  11:21  Marine  
  110  11:23  Medivac x2  
  114  11:29  Marine x6  
  117  11:50  Marine x9  
  124  12:04  Supply Depot x3  
Tags
 
Add a new tag
Caveats
  • Supply blocks, unpowered buildings, or Contaminate may cause inaccurate times.
  • Supply counts are checked every 10 seconds.